[Event "SixDays Budapest IM-B January 2024"]
[Site "Budapest"]
[Date "2024.01.30"]
[Round "6.3"]
[White "Mouhamad, Joachim"]
[Black "Semprun Martinez, Fernando"]
[Result "1-0"]
[ECO "C83"]
[WhiteElo "2316"]
[BlackElo "2071"]
[Annotator "RC"]
[PlyCount "53"]
[EventDate "2024.01.26"]
[EventType "tourn"]
[EventCountry "HUN"]
[SourceTitle "playchess.com"]
[Source "ChessBase"]
[SourceQuality "1"]
[TimeControl "5400+30"]

1. e4 e5 2. Nf3 Nc6 3. Bb5 a6 4. Ba4 Nf6 5. O-O Nxe4 6. d4 b5 7. Bb3 d5 8. dxe5 Be6 9. c3 Be7 10. Bc2 O-O 11. Nbd2 Bf5 12. Nd4 Nxd4 13. cxd4 c5 14. Nxe4 dxe4 15. d5 Qd7 16. d6 Bd8 17. Qd5 Rc8 18. Bxe4 Be6 19. Qd3 g6 20. Be3 f5 21. Bd5 f4 22. Bd2 Bb6 23. b3 Rf5 24. Rfe1 c4 25. bxc4 bxc4 26. Qf3 g5 27. Rab1 1-0

[Event "SixDays Budapest IM-B January 2024"]
[Site "Budapest"]
[Date "2024.01.30"]
[Round "6.4"]
[White "Nemitz, Alfred"]
[Black "Kolimar, Kristof Pal"]
[Result "1/2-1/2"]
[ECO "D37"]
[WhiteElo "2223"]
[BlackElo "2304"]
[Annotator "TA"]
[PlyCount "83"]
[EventDate "2024.01.26"]
[EventType "tourn"]
[EventCountry "HUN"]
[SourceTitle "playchess.com"]
[Source "ChessBase"]
[SourceQuality "1"]
[TimeControl "5400+30"]

1. d4 Nf6 2. Nf3 d5 3. c4 e6 4. Nc3 dxc4 5. e3 a6 6. a4 c5 7. Bxc4 Nc6 8. O-O Be7 9. Qe2 Qc7 10. h3 O-O 11. dxc5 Bxc5 12. b3 Rd8 13. Bb2 Na5 14. Rac1 b6 15. Na2 {[%emt 0:05:46] [#] Threatens to win with b4.} Nxc4 16. Qxc4 Qe7 17. b4 {[%emt 0:06:52][%cal Ob2f6] And now Bxf6! would win.} Bd6 18. Ne5 {[%emt 0:02:00] aiming for Nc6.} Bb7 (18... b5 $5 19. Qe2 Bb7 $11 (19... bxa4 $2 20. Nc6 $18)) 19. Nc6 {[%emt 0:01:37] The position is equal.} Bxc6 20. Qxc6 b5 21. axb5 axb5 (21... Bxb4 $2 {perishes.} 22. bxa6 Ba3 23. Bxf6 gxf6 24. Rc3 $18) 22. Nc3 Bxb4 23. Nxb5 Qd7 24. Bxf6 Qxc6 25. Rxc6 gxf6 26. Rb1 Bf8 27. Nd4 Rdc8 28. Rxc8 Rxc8 $11 {[%emt 0:00:02][%mdl 4096] Endgame. KRB-KRN} 29. g4 Rc7 30. Kg2 Bc5 31. Ne2 Bd6 32. Rd1 Rc6 33. Nd4 Rb6 34. Rc1 Rb8 35. Rc2 Be5 36. Ne2 Kg7 37. Rc4 Rb2 38. Kf3 Rd2 39. Rc8 Rb2 40. h4 Rb8 41. Rc2 Rb4 42. Ng3 {[%emt 0:03:15] An even fight not without its subleties.   Weighted Error Value: White=0.05 (flawless) /Black=0.03 (flawless) .  Inaccurate:     	White=2     	Black=1      OK:         	White=8     	Black=14     Best:        	---       	Black=1} 1/2-1/2

[Event "SixDays Budapest IM-B January 2024"]
[Site "Budapest"]
[Date "2024.01.30"]
[Round "6.5"]
[White "Ihnat, Marek"]
[Black "Nemeth, Zoltan"]
[Result "0-1"]
[ECO "C42"]
[WhiteElo "2111"]
[BlackElo "2194"]
[Annotator "TA"]
[PlyCount "124"]
[EventDate "2024.01.26"]
[EventType "tourn"]
[EventCountry "HUN"]
[SourceTitle "playchess.com"]
[Source "ChessBase"]
[SourceQuality "1"]
[TimeControl "5400+30"]

1. e4 e5 2. Nf3 Nf6 3. Nxe5 d6 4. Nf3 Nxe4 5. Nc3 Nxc3 6. dxc3 Be7 7. Bf4 Nd7 8. Qd2 Nc5 9. O-O-O Bg4 10. Kb1 Qd7 11. Be3 a6 12. Be2 O-O-O 13. h3 Be6 14. Nd4 Ne4 15. Qd3 Nc5 $1 16. Qd2 Ne4 17. Qe1 c5 (17... Rhe8 $11 {remains equal.}) 18. Nxe6 $16 Qxe6 19. f3 Nf6 (19... Nxc3+ $1 $11 20. Qxc3 Bf6) 20. Qf2 $16 Nd5 21. Bc1 Bf6 (21... Nb6 $16) 22. f4 $1 $18 Ne7 23. Bg4 Nf5 24. Rhe1 Qd7 25. Rd5 g6 (25... Bh4 $2 26. g3 Bxg3 27. Qg1 $18) 26. Red1 Qe6 27. Bf3 Rhe8 28. R5d3 Bh4 29. Qg1 $1 Kc7 (29... Bg3 $16 {keeps fighting.}) 30. Bd5 $18 Qf6 31. g4 Ne7 32. g5 ({White should play} 32. Bf3 $18) 32... Qf5 $16 33. Bf3 h5 (33... Qe6 $16 34. Qh1 b5) 34. gxh6 $18 Rh8 35. Qg2 Nc6 (35... Qc8 $142 36. f5 Nxf5) 36. Rd5 Qf6 37. f5 g5 38. Be3 Rxh6 39. Bg1 Ne7 40. R5d2 (40. Rxc5+ dxc5 41. Bh2+ Kb6 42. Rxd8 Qxf5) 40... Qxf5 (40... Nc6 $142 41. Bh2 Qxf5) 41. Bxb7 $18 Rb8 {[%emt 0:09:31] [#]} 42. Bh2 $2 (42. Bxa6 g4 43. hxg4 Qe5) (42. Bf3 $1 $18) 42... Rxb7 $11 43. Bxd6+ Kb6 44. Bxe7 Rxe7 45. a4 $2 (45. Qa8 $11 Qe5 (45... Qxh3 46. Rd6+ Rxd6 47. Rxd6+ Kc7 48. Rc6+ Kd7 49. Qc8#) 46. c4) 45... Qe4 $19 46. Qh2 Qf4 (46... Qxa4 47. Qb8+ Rb7 48. Rd6+ Rxd6 49. Rxd6+ $18) 47. Qg2 Rc6 $2 (47... Qxa4 $19 {...Rhe6 would now be deadly.} 48. Qa8 Qc6 49. Qb8+ Rb7) 48. Qd5 $2 (48. a5+ $1 $11 {and White has nothing to worry.} Kc7 (48... Kxa5 49. Qxc6 Bf2 50. b4+) 49. Rd8) 48... Re1 $4 (48... Qxa4 49. Qd8+ Rec7 50. c4 $17) (48... Qc7 $19 {avoids the disaster. Threatens to win with ...Rce6.} 49. Qc4 Ka7) 49. Qd8+ $4 {[%emt 0:00:56][%mdl 8192] [#]} (49. a5+ $18 {and life is good for White.} Ka7 (49... Kxa5 50. Qxc6 Rxd1+ 51. Rxd1 Qe5 52. b3 Qxc3 53. Rd6 Qe1+ 54. Ka2) 50. Rxe1 Bxe1 51. Rd1) 49... Qc7 $1 $19 50. Qd5 Rxd1+ 51. Rxd1 f6 52. Qb3+ Ka7 53. Qg8 Rd6 54. Rf1 Bg3 55. Qc4 Be5 56. h4 gxh4 57. Qxh4 Qd7 58. Qh5 (58. Qc4 {is a better defense.}) 58... Qxa4 59. Qf7+ Rd7 60. Qf8 Qb5 61. Rg1 Bxc3 62. b3 Qa5 0-1

[Event "SixDays Budapest IM-B January 2024"]
[Site "Budapest"]
[Date "2024.01.31"]
[Round "7.1"]
[White "Nemeth, Zoltan"]
[Black "Sgircea, Silvia-Raluca"]
[Result "0-1"]
[ECO "B38"]
[WhiteElo "2194"]
[BlackElo "2242"]
[Annotator "TA"]
[PlyCount "80"]
[EventDate "2024.01.26"]
[EventType "tourn"]
[EventCountry "HUN"]
[SourceTitle "playchess.com"]
[Source "ChessBase"]
[SourceQuality "1"]
[TimeControl "5400+30"]

1. c4 c5 2. Nf3 g6 3. d4 cxd4 4. Nxd4 Nc6 5. e4 Bg7 6. Be3 d6 7. Nc3 Nf6 8. Be2 O-O 9. O-O Bd7 10. f3 Nxd4 11. Bxd4 a5 12. Qd2 Bc6 13. Rac1 Nd7 14. Bxg7 Kxg7 15. Qd4+ Kg8 16. Nd5 e5 17. Qe3 {[%emt 0:03:44] The position is equal.} Bxd5 18. cxd5 Nc5 19. f4 (19. g3 $11) 19... exf4 $17 20. Rxf4 Qe7 21. Bb5 {[%emt 0:06:31] [#]} Qe5 $1 {[%emt 0:04:25] Against Qd4} 22. Rc3 Rac8 23. a3 ({White should try} 23. g3 $15) 23... Rc7 24. Rh4 (24. Qf2 $15) 24... Re7 25. Qh6 $2 {[%emt 0:07:01] [#]} (25. Rc2 $17) 25... Qg7 $2 ({Inferior is} 25... Nxe4 26. Qxh7#) (25... f5 $19 {and Black stays clearly on top. And now ...Qd4+ would win.} 26. exf5 Qxf5 (26... Qxd5 $2 {is the wrong capture.} 27. Bc4 $18) (26... Rxf5 27. h3 $17)) 26. Qxg7+ Kxg7 27. Re3 f5 28. Reh3 Rxe4 (28... h5 $17 29. exf5 Rxf5) 29. Rxh7+ $15 Kf6 30. R3h4 $2 {[%emt 0:09:03] White does not recover from this.} (30. Rf3 $17) 30... Re1+ $19 31. Kf2 Rb1 32. b4 (32. a4) 32... Ne4+ 33. Ke3 axb4 34. axb4 Rb3+ 35. Bd3 Ra8 ({Less strong is} 35... Rxb4 36. Bxe4 Re8 37. Rd7 $17) 36. Rxe4 fxe4 37. Kxe4 Rxb4+ 38. Ke3 Re8+ 39. Kd2 Re7 40. Bxg6 (40. Rh3) 40... Rg4 {[%emt 0:00:32] Weighted Error Value: White=0.76/Black=0.37.  Loses game:     	White=1     	---        Missed win:     	---       	Black=1      Mistake:       	White=6     	Black=1      Inaccurate:     	White=2     	Black=1      OK:         	White=5     	Black=9      Best:        	White=3     	Black=4      Strong:       	---       	Black=1} 0-1

[Event "SixDays Budapest IM-B January 2024"]
[Site "Budapest"]
[Date "2024.01.31"]
[Round "7.2"]
[White "Kolimar, Kristof Pal"]
[Black "Ihnat, Marek"]
[Result "1/2-1/2"]
[ECO "A05"]
[WhiteElo "2304"]
[BlackElo "2111"]
[Annotator "TA"]
[PlyCount "126"]
[EventDate "2024.01.26"]
[EventType "tourn"]
[EventCountry "HUN"]
[SourceTitle "playchess.com"]
[Source "ChessBase"]
[SourceQuality "1"]
[TimeControl "5400+30"]

1. Nf3 Nf6 2. c4 g6 3. Nc3 d5 4. cxd5 Nxd5 5. h4 h5 6. Qb3 {[%emt 0:04:42] A16: English Opening: 1...Nf6 with ...d5.} Nb6 7. d4 Bg7 8. Bf4 Be6 9. Qd1 Nc6 $146 ({Predecessor:} 9... c5 10. Be5 Bxe5 11. dxe5 Qxd1+ 12. Rxd1 Nc6 13. e3 a6 14. Ne4 Nd7 {½-½ Sahlender,F (2305)-Giemsa,S (2275) BL2-Nord 9192 1991}) 10. e3 O-O 11. Be2 Bg4 12. Bg3 e6 13. Ng5 Bxe2 14. Qxe2 e5 15. dxe5 Nxe5 16. Rd1 Qe7 17. O-O c6 18. Rd4 Rfe8 19. Rfd1 Rad8 20. Nge4 Rxd4 21. Rxd4 Ng4 22. Rd1 Nd5 23. Nxd5 Qxe4 24. Nc3 Qe7 25. Qd3 Bf6 26. Qd7 Rd8 (26... Bxh4 $2 {is the wrong capture.} 27. Bxh4 f6 28. f3 Qxe3+ 29. Kh1 $18) 27. Qxd8+ Qxd8 28. Rxd8+ Bxd8 29. Kf1 Bf6 30. Ke2 Kf8 31. f3 Be5 32. Be1 Nf6 33. e4 Ke7 34. Bf2 a6 35. Kd3 Nd7 36. b3 Bc7 37. Na4 b5 38. Nc3 Bb6 (38... Ne5+ $11 39. Kc2 Bd6) 39. Bxb6 $14 Nxb6 40. Kd4 Nd7 41. b4 Kd6 42. a4 Ke6 {[%emt 0:00:59] [#]} (42... Nf8 $11 {remains equal.}) 43. f4 (43. a5 $1 $16) 43... f6 $2 (43... Kd6 $14) 44. axb5 $2 ({White has to play} 44. a5 $18 Kd6 45. e5+ fxe5+ (45... Ke6 $2 46. Ne4 $18) 46. fxe5+ Nxe5 47. Ne4+ Ke6 48. Nc5+ Kd6 49. Nxa6) 44... axb5 $11 45. Nd1 Kd6 46. Ne3 c5+ 47. Kc3 Nb6 48. f5 cxb4+ 49. Kxb4 gxf5 50. Nxf5+ Ke5 51. Ng3 Nd7 52. Kxb5 Kf4 53. Nxh5+ Kxe4 54. Kc6 Ne5+ 55. Kd6 Kf5 56. Ng7+ Kg6 57. Ne8 Ng4 58. Ke6 Ne3 59. g3 Nf1 60. g4 Ne3 61. Nxf6 Nxg4 62. Nxg4 Kh5 63. Nh6 Kxh4 1/2-1/2

[Event "SixDays Budapest IM-B January 2024"]
[Site "Budapest"]
[Date "2024.01.31"]
[Round "7.3"]
[White "Semprun Martinez, Fernando"]
[Black "Nemitz, Alfred"]
[Result "1/2-1/2"]
[ECO "A40"]
[WhiteElo "2071"]
[BlackElo "2223"]
[Annotator "TA"]
[PlyCount "106"]
[EventDate "2024.01.26"]
[EventType "tourn"]
[EventCountry "HUN"]
[SourceTitle "playchess.com"]
[Source "ChessBase"]
[SourceQuality "1"]
[TimeControl "5400+30"]

1. d4 Nf6 2. c4 e6 3. g3 Bb4+ 4. Bd2 a5 5. Bg2 d5 6. Qc2 O-O 7. Nf3 b6 8. O-O Ra7 9. a3 Bxd2 {[%emt 0:01:54] White is slightly better.} 10. Nbxd2 Bb7 11. Ne5 Nbd7 12. cxd5 {[%emt 0:12:08] White has more active pieces.} Nxe5 13. dxe5 Nxd5 14. e4 Ne7 15. Rfd1 Nc6 16. Nb3 {[%emt 0:02:14] Inhibits Nd4.} Qe7 17. f4 Raa8 18. Bf1 Rfd8 19. Bb5 Na7 20. Be2 c5 21. a4 (21. Nd2 $11) 21... Nc6 22. Bb5 Nb4 23. Qe2 Rxd1+ ({Black should play} 23... h6 $15) 24. Rxd1 $11 Rd8 {[%emt 0:00:03] Repels Rd7} 25. Rxd8+ Qxd8 26. Qd2 Qxd2 (26... Qa8 $1 $11) 27. Nxd2 {[%emt 0:00:02][%mdl 4096] Endgame. KBN-KBN} Kf8 28. Nc4 Bxe4 29. Nxb6 Bc6 30. Bxc6 Nxc6 $16 {[%emt 0:00:02] KN-KN} 31. Nd7+ Ke7 32. Nxc5 f6 33. Nd3 (33. exf6+ gxf6 34. Na6 e5 $16) 33... fxe5 (33... Nd4 $16 34. exf6+ gxf6) 34. fxe5 Kf7 (34... Nd4 $16 {keeps fighting.}) 35. Kf2 $18 Kg6 36. Kf3 Kf5 37. g4+ Kg5 38. Kg3 h5 39. h4+ Kg6 {[%emt 0:00:27] [#]} 40. Nf4+ $1 Kf7 41. Nxh5 Nxe5 42. Nf4 {[%emt 0:00:26] Wards off Nd3} Kf6 43. b3 g6 {[%emt 0:01:45] [#]} 44. h5 $2 ({Only move:} 44. Ne2 $1 $18 ) 44... gxh5 $11 {[%emt 0:00:49] The position is equal.} 45. gxh5 {[%emt 0:03:29] Black must now prevent h6.} Nc6 46. h6 (46. Nd3 {simplifies} Kg5 47. Nc5 Kxh5 48. Kf4) 46... Nd4 47. b4 axb4 48. a5 b3 49. Nd3 Kg6 50. a6 {[%emt 0:00:21] a7 is the strong threat.} Nc6 51. Kf4 Kxh6 52. Ke3 Kg5 53. Kd2 Kf5 {[%emt 0:00:44] White really could win this.   Weighted Error Value: White=0.18 (very precise) /Black=0.17 (very precise) .  Missed win:     	White=1     	---        Mistake:       	White=1     	Black=4      Inaccurate:     	White=4     	Black=5      OK:         	White=20    	Black=18     Best:        	White=3     	Black=6      Strong:       	White=1     	---} 1/2-1/2

[Event "SixDays Budapest IM-B January 2024"]
[Site "Budapest"]
[Date "2024.01.31"]
[Round "7.4"]
[White "Srinath, Rao S.V."]
[Black "Mouhamad, Joachim"]
[Result "1-0"]
[ECO "B22"]
[WhiteElo "2260"]
[BlackElo "2316"]
[Annotator "TA"]
[PlyCount "94"]
[EventDate "2024.01.26"]
[EventType "tourn"]
[EventCountry "HUN"]
[SourceTitle "playchess.com"]
[Source "ChessBase"]
[SourceQuality "1"]
[TimeControl "5400+30"]

1. e4 c5 2. c3 Nf6 3. e5 Nd5 4. d4 cxd4 5. Qxd4 e6 6. Nf3 Nc6 7. Qe4 f5 8. Qe2 Be7 9. g3 (9. c4 {with more complications.} Bb4+ 10. Bd2 Nf4 11. Qe3) 9... O-O 10. Bg2 {[%emt 0:00:16] [#]} b5 $1 11. O-O {[%emt 0:00:07] The position is equal.} (11. Qxb5 a5) 11... Qb6 12. Rd1 a5 13. Nbd2 Ba6 14. Nf1 Bc5 15. Bf4 (15. Ne3 $11 {keeps the balance.}) 15... Nce7 (15... b4 $17 16. c4 a4 17. Rxd5 exd5) 16. Rac1 (16. Bg5 $11 {remains equal.}) 16... Rac8 ({Black should play} 16... b4 $17 17. Qd2 Nxf4 18. gxf4 Rac8) 17. Bg5 $15 Rc7 (17... Ng6 $15) 18. Ne1 $1 $11 h6 19. Bxe7 Bxe7 (19... Nxe7 $11 20. Nd3 b4) 20. Bxd5 $16 exd5 21. Ne3 $1 Qe6 22. Nxd5 (22. Rxd5 f4 23. gxf4 Rxf4 $14) 22... Rc5 23. Nxe7+ Qxe7 {[%emt 0:00:02] [#]} 24. f4 Bb7 25. Rd6 Rfc8 {[%emt 0:07:42] Black is weak on the dark squares} (25... Rf6 $142 26. Rd2 Rb6) 26. Rcd1 $18 R8c7 27. Nc2 b4 28. Nd4 (28. cxb4 $2 Rxc2 29. R1d2 Rc1+ 30. Kf2 axb4 $19) 28... bxc3 29. bxc3 (29. Nxf5 Qf8 30. Nxh6+ gxh6 31. Qg4+ Kh8 (31... Qg7 $2 32. Rg6 $18) 32. Rf6 (32. Qh5 R5c6 $11)) 29... Rxc3 $2 (29... Be4 {might work better.}) 30. Nxf5 Qf8 31. Ne3 (31. Qg4 $18 {and the rest is easy.} Rc1 32. Rxc1 (32. Nxh6+ Kh8 $11) 32... Rxc1+ 33. Kf2) 31... Rc1 {[%emt 0:04:16] [#]} 32. Rxd7 $3 Rxd7 33. Rxc1 Qa3 34. Re1 {[%emt 0:01:01] Strongly threatening Qc4+.} Kh8 (34... Rd3 $16 {was necessary.} 35. e6 Rc3) 35. e6 Re7 (35... Rd6 {keeps fighting.} 36. f5 Qb4) 36. f5 Qc5 37. Qg4 Qc6 (37... Re8 $142 38. Kf2 Rf8) 38. Kf2 Re8 39. Rd1 {[%emt 0:00:15] Black must now prevent Rd7.} Qc3 40. Qd4 Qc6 41. Qf4 {[%emt 0:00:37] Wards off Qf3+} Qc3 42. g4 Qb2+ 43. Kg3 Qe2 44. f6 (44. Rd7 $142 Qb2 45. f6 (45. Qd4 Qxd4 46. Rxd4 Kg8 $18) 45... Qxf6 46. Qxf6 (46. Rxb7 Qxe6 47. Nf5 Rd8 $18) 46... gxf6 47. Rxb7 Rxe6 48. Kf4) 44... g5 45. Qf2 Qxf2+ 46. Kxf2 {[%emt 0:00:05] Intending f7 and mate.} Rf8 47. Nf5 Bc6 {Weighted Error Value: White=0.45/Black=0.61.  Missed win:     	White=1     	---        Mistake:       	White=4     	Black=9      Inaccurate:     	White=1     	Black=4      OK:         	White=18    	Black=6      Best:        	White=2     	Black=3      Strong:       	White=2     	---} 1-0

[Event "SixDays Budapest IM-B January 2024"]
[Site "Budapest"]
[Date "2024.01.31"]
[Round "7.5"]
[White "Egresi, Mate"]
[Black "Varadi, Viktor"]
[Result "1/2-1/2"]
[ECO "B30"]
[WhiteElo "2389"]
[BlackElo "2368"]
[Annotator "TA"]
[PlyCount "166"]
[EventDate "2024.01.26"]
[EventType "tourn"]
[EventCountry "HUN"]
[SourceTitle "playchess.com"]
[Source "ChessBase"]
[SourceQuality "1"]
[TimeControl "5400+30"]

1. e4 c5 2. Nf3 Nc6 3. Bb5 e6 4. O-O Nge7 5. Re1 a6 6. Bf1 d5 7. exd5 Nxd5 8. d4 Nf6 9. Be3 cxd4 10. Nxd4 Nxd4 11. Bxd4 Be7 12. c4 Bd7 13. Nc3 O-O 14. a3 a5 15. Qd3 Bc6 16. h3 Nd7 17. Rad1 a4 18. Qe3 Bg5 19. Qg3 Bf6 20. Bc5 Re8 21. Bb4 Qb6 22. Nb5 Red8 23. Bd6 Rdc8 24. Rd2 Nc5 25. Qe3 Bxb5 26. cxb5 Nd7 27. Qg3 Nc5 28. Qe3 Nd7 29. Qg3 Nc5 30. Be5 Bxe5 31. Qxe5 Nb3 32. Rd6 Qc5 33. Qxc5 Nxc5 34. g3 Kf8 35. b6 Ke7 36. Rd4 Rc6 37. Rc1 Rac8 38. Rb4 Nd7 39. Rxc6 Rxc6 40. Rxa4 Rxb6 41. b4 Kd6 42. Ra8 Rc6 43. Bb5 Rc1+ 44. Kg2 Nf6 45. Rd8+ Ke7 46. Rb8 Rc7 47. Be2 Nd5 48. h4 Kd6 49. h5 h6 50. Bf3 Rd7 51. Kf1 Kc7 (51... Rc7 $11 {remains equal.}) 52. Rg8 $16 f6 53. Bxd5 $1 exd5 54. Ke2 Kd6 55. Kd3 Rc7 56. Rb8 Re7 57. a4 Kc6 58. Rc8+ Kd7 {[%emt 0:00:14] [#]} (58... Kd6 $16 {might work better.} 59. f3 Re1) 59. Rg8 $1 $18 Kc6 60. f3 b6 {[%emt 0:00:49] [#]} 61. Kd4 $2 (61. Rc8+ $1 $18 Kb7 62. Rc1) 61... Ra7 $1 $11 62. Rc8+ Kd6 63. Rb8 Kc7 64. Rg8 Kc6 65. a5 bxa5 66. bxa5 Rxa5 67. Rxg7 Ra4+ 68. Ke3 Kc5 69. Rg6 d4+ 70. Ke4 Ra6 71. Rg8 (71. Rxh6 $2 {is the wrong capture.} f5+ 72. Kd3 Rxh6 $19) 71... Re6+ 72. Kd3 Re3+ 73. Kd2 Rxf3 74. Rg6 f5 75. Rxh6 Rxg3 76. Rf6 Rf3 77. h6 Kc4 78. h7 Rf2+ 79. Ke1 Rh2 80. Rxf5 Rxh7 81. Rf3 Rh2 82. Kd1 d3 83. Rf8 Rh1+ 1/2-1/2

[Event "SixDays Budapest IM-B January 2024"]
[Site "Budapest"]
[Date "2024.01.31"]
[Round "8.1"]
[White "Sgircea, Silvia-Raluca"]
[Black "Varadi, Viktor"]
[Result "0-1"]
[ECO "D71"]
[WhiteElo "2242"]
[BlackElo "2368"]
[Annotator "RC"]
[PlyCount "108"]
[EventDate "2024.01.26"]
[EventType "tourn"]
[EventCountry "HUN"]
[SourceTitle "playchess.com"]
[Source "ChessBase"]
[SourceQuality "1"]
[TimeControl "5400+30"]

1. d4 Nf6 2. c4 g6 3. g3 Bg7 4. Bg2 d5 5. cxd5 Nxd5 6. Nc3 Nb6 7. Nf3 O-O 8. O-O Nc6 9. e3 e5 10. dxe5 Nxe5 11. Nxe5 Bxe5 12. Qc2 c6 13. b3 Bf5 14. e4 Be6 15. Be3 f5 16. Rad1 Qf6 17. exf5 gxf5 18. Ne2 Nd5 19. Bd4 f4 20. Bxe5 Qxe5 21. gxf4 Rxf4 22. Rd3 Rg4 23. Rg3 Bf5 24. Qd2 Re8 25. Bf3 Rg7 26. Qd4 Qxd4 27. Nxd4 Bg6 28. Bxd5+ cxd5 29. Rd1 Bh5 30. Rxg7+ Kxg7 31. f3 Kf6 32. Kf2 Ke5 33. Ne2 Rc8 34. Rd2 a5 35. Ng3 Bg6 36. Ne2 b5 37. b4 axb4 38. f4+ Kd6 39. Nd4 Rc4 40. f5 Bf7 41. Ke3 Ke5 42. Nxb5 Rh4 43. Rf2 d4+ 44. Kd3 Rh3+ 45. Kd2 Bxa2 46. Re2+ Kd5 47. f6 Rf3 48. Nc7+ Kc6 49. Ne8 Bf7 50. Re7 Bg6 51. Rc7+ Kb6 52. Re7 b3 53. Re6+ Kc5 54. Nd6 Kd5 0-1

[Event "SixDays Budapest IM-B January 2024"]
[Site "Budapest"]
[Date "2024.01.31"]
[Round "8.2"]
[White "Mouhamad, Joachim"]
[Black "Egresi, Mate"]
[Result "0-1"]
[ECO "B07"]
[WhiteElo "2316"]
[BlackElo "2389"]
[Annotator "RC"]
[PlyCount "110"]
[EventDate "2024.01.26"]
[EventType "tourn"]
[EventCountry "HUN"]
[SourceTitle "playchess.com"]
[Source "ChessBase"]
[SourceQuality "1"]
[TimeControl "5400+30"]

1. e4 d6 2. d4 Nf6 3. Nc3 e5 4. dxe5 dxe5 5. Qxd8+ Kxd8 6. Bc4 Ke8 7. f4 Nbd7 8. Nf3 Bd6 9. g3 a6 10. a4 b6 11. Bd2 Bb7 12. O-O-O b5 13. Ba2 bxa4 14. Nxa4 Nxe4 15. fxe5 Nxd2 16. Nxd2 Bxh1 17. exd6 Bc6 18. Nc3 cxd6 19. Nc4 Ke7 20. Nxd6 Ne5 21. Nf5+ Kf8 22. Nd4 Rc8 23. Nxc6 Nxc6 24. Rd7 Ne5 25. Ra7 g6 26. Ne4 Kg7 27. Nd6 Ra8 28. Rc7 Rhd8 29. Nxf7 Rd7 30. Rxd7 Nxd7 31. Ng5 h6 32. Ne6+ Kf6 33. Nc7 Ra7 34. Nd5+ Ke5 35. Ne7 Kf6 36. Nd5+ Kf5 37. Ne3+ Ke4 38. Kd2 Nb6 39. c4 Rd7+ 40. Ke2 Re7 41. Kf2 Rf7+ 42. Ke2 Re7 43. Kf2 Kd3 44. Bb1+ Kd4 45. Nd1 Nxc4 46. Bxg6 Rb7 47. h4 Nxb2 48. Nxb2 Rxb2+ 49. Kf3 a5 50. Be8 Rb8 51. Bd7 Rb7 52. Be8 Ke5 53. g4 Rb8 54. Bd7 Rb4 55. Ke3 a4 0-1

[Event "SixDays Budapest IM-B January 2024"]
[Site "Budapest"]
[Date "2024.01.31"]
[Round "8.3"]
[White "Nemitz, Alfred"]
[Black "Srinath, Rao S.V."]
[Result "1/2-1/2"]
[ECO "A48"]
[WhiteElo "2223"]
[BlackElo "2260"]
[Annotator "NA RC"]
[PlyCount "55"]
[EventDate "2024.01.26"]
[EventType "tourn"]
[EventCountry "HUN"]
[SourceTitle "playchess.com"]
[Source "ChessBase"]
[SourceQuality "1"]
[TimeControl "5400+30"]

1. d4 Nf6 2. Nf3 g6 3. Bg5 Bg7 4. Nbd2 O-O 5. c3 d5 6. e3 Nbd7 7. Be2 Re8 8. O-O e5 9. h3 e4 10. Nh2 h6 11. Bh4 c6 12. c4 Nf8 13. cxd5 cxd5 14. Rc1 Qb6 15. Qb3 Be6 16. Qxb6 axb6 17. a3 Rec8 18. Nb1 Ne8 19. Be7 Nd7 20. Nc3 Bf8 21. Bxf8 Kxf8 22. f3 exf3 23. Bxf3 Ndf6 24. Ng4 Nxg4 25. Bxg4 Bxg4 26. hxg4 Rd8 27. Nb5 Rac8 28. Kf2 1/2-1/2

[Event "SixDays Budapest IM-B January 2024"]
[Site "Budapest"]
[Date "2024.01.31"]
[Round "8.4"]
[White "Ihnat, Marek"]
[Black "Semprun Martinez, Fernando"]
[Result "1/2-1/2"]
[ECO "C95"]
[WhiteElo "2111"]
[BlackElo "2071"]
[Annotator "NA COMBH"]
[PlyCount "91"]
[EventDate "2024.01.26"]
[EventType "tourn"]
[EventCountry "HUN"]
[SourceTitle "playchess.com"]
[Source "ChessBase"]
[SourceQuality "1"]
[TimeControl "5400+30"]

1. e4 e5 2. Nf3 Nc6 3. Bb5 a6 4. Ba4 Nf6 5. O-O Be7 6. Re1 b5 7. Bb3 d6 8. c3 O-O 9. h3 Nb8 10. d4 Nbd7 11. Nbd2 Bb7 12. Bc2 Re8 13. Nf1 Bf8 14. Ng3 g6 15. b3 Bg7 16. d5 Nb6 17. Qe2 c5 18. c4 b4 19. Be3 a5 20. a3 Nxe4 21. Bxe4 f5 22. Bxf5 gxf5 23. Nxf5 e4 24. Ng5 Bxa1 25. Rxa1 Qf6 26. Qg4 Kh8 27. Ra2 Bc8 28. Nxe4 Rxe4 29. Qxe4 Bxf5 30. Qf4 Nd7 31. axb4 cxb4 32. Bd4 Ne5 33. g4 Rg8 34. Kh2 Rg5 35. gxf5 Rxf5 36. Bxe5 dxe5 37. Qg3 Rf3 38. Qg2 Qf4+ 39. Kg1 Rxb3 40. Qg4 Qxg4+ 41. hxg4 Rc3 42. Rxa5 Rxc4 43. f3 b3 44. Rb5 Rc3 45. d6 Rd3 46. d7 1/2-1/2

[Event "SixDays Budapest IM-B January 2024"]
[Site "Budapest"]
[Date "2024.01.31"]
[Round "8.5"]
[White "Nemeth, Zoltan"]
[Black "Kolimar, Kristof Pal"]
[Result "1/2-1/2"]
[ECO "E67"]
[WhiteElo "2194"]
[BlackElo "2304"]
[Annotator "RC"]
[PlyCount "63"]
[EventDate "2024.01.26"]
[EventType "tourn"]
[EventCountry "HUN"]
[SourceTitle "playchess.com"]
[Source "ChessBase"]
[SourceQuality "1"]
[TimeControl "5400+30"]

1. c4 Nf6 2. Nc3 g6 3. g3 Bg7 4. Bg2 O-O 5. Nf3 d6 6. d4 Nbd7 7. O-O e5 8. b3 Re8 9. h3 c6 10. dxe5 dxe5 11. Be3 Qe7 12. Qd2 Nc5 13. Rad1 Nfe4 14. Nxe4 Nxe4 15. Qc1 f5 16. Nd2 Nf6 17. c5 Nd5 18. Nc4 e4 19. Nd6 Rf8 20. Bd4 Be6 21. Qb2 b6 22. Rc1 Rfd8 23. Bxg7 Qxg7 24. Qxg7+ Kxg7 25. Rfd1 Kf6 26. a3 Rab8 27. b4 bxc5 28. bxc5 Rb2 29. f3 Rxe2 30. fxe4 fxe4 31. Nxe4+ Ke7 32. Re1 1/2-1/2